cohdb
Replays
Latest Replays
All Replays
Popular Replays
Top Player Replays
Match Explorer
How It Works
Community
CoH3 Stats
Reddit
Sign in to upload your games and track your stats! →
Sign in with Steam
Match 44039254
Unlisted
Match 44039254
Overview
Messages
Build Orders
End
Selects Italian Infantry
Kradschützen Motorcycle Team
250 Light Carrier
Panzergrenadier Squad
Construct Light Support Kompanie
Fire Support Elements
MG34 Team
le.IG 18 Mechanized Group
Flakvierling Half-track
Selects Guastatori Squad
Guastatori Squad
Selects Registered Artillery
Guastatori Squad
Pak 38 Anti-tank Gun Team
Construct Panzerarmee Kommand
Guastatori Squad
Panzer III L Medium Tank
Selects Towed Cannone da 105/28 Field Howitzer
Panzer III L Medium Tank
Panzer III L Medium Tank
巍哥
Joraad
Saifu
sv_kreeper
Greff-Völsing
taiwan number 1
0
0
Comments
sign in to comment!
No comments posted yet!